 Dungeon Crawl Stone Soup version 0.30-a0-883-g5ad918d77d (webtiles) character file.

Game seed: 17861108933442790787

96 Sanktem7 the Trooper (level 4, -3/40 HPs)
             Began as a Minotaur Fighter on Mar 16, 2023.
             Slain by a gnoll
             ... wielding a +0 flail
              (9 damage)
             ... on level 2 of the Dungeon.
             The game lasted 00:01:33 (939 turns).

Sanktem7 the Trooper (Minotaur Fighter)              Turns: 939, Time: 00:01:33

Health: -3/40      AC:  9    Str: 23    XL:     4   Next: 41%
Magic:  3/3        EV:  7    Int:  5    God:
Gold:   73         SH:  4    Dex:  9    Spells: 3/3 levels left

rFire   . . .      SeeInvis .    a - +0 war axe
rCold   . . .      Faith    .    c - +0 buckler
rNeg    . . .      Spirit   .    l - +0 chain mail
rPois   .          Reflect  .    (helmet restricted)
rElec   .          Rampage  .    (no cloak)
rCorr   .                        (no gloves)
Will    .....                    (no boots) Stlth
                                 (no amulet)
HPRegen 0.26/turn                (no ring)
MPRegen 0.08/turn                (no ring)

@: no status effects
A: horns 2, retaliatory headbutt
a: no special abilities


You were on level 2 of the Dungeon.
You visited 1 branch of the dungeon, and saw 2 of its levels.

You collected 73 gold pieces.

Inventory:

Hand Weapons
 a - a +0 war axe (weapon)
Armour
 b - a +0 scale mail
 c - a +0 buckler (worn)
 l - a +0 chain mail (worn)
Scrolls
 f - 2 scrolls of poison {unknown}
 g - a scroll of teleportation {unknown}
 i - a scroll of blinking {unknown}
 j - 4 scrolls of identify {unknown}
Potions
 d - a potion of might
 e - 2 potions of curing {unknown}
 h - a potion of berserk rage {unknown}
 k - 3 potions of flight {unknown}


   Skills:
 + Level 4.3 Fighting
 * Level 4.0 Axes
 + Level 4.3 Armour
 + Level 4.2 Shields


You had 3 spell levels left.
You didn't know any spells.
Your spell library was empty.

Dungeon Overview and Level Annotations

Branches:
Dungeon (2/15)

Altars:


Innate Abilities, Weirdness & Mutations

You have a pair of horns on your head.
You reflexively headbutt those who attack you in melee.


Message History

You barely miss the gnoll. Your headbutt misses the gnoll.
The gnoll is severely wounded.
The gnoll barely misses you. You furiously retaliate!
You headbutt the gnoll.
You kill the gnoll!
The gnoll hits you but does no damage.
Your Axes skill increases to level 4!
The gnoll hits you but does no damage. The gnoll hits you with a +0 flail.
The gnoll hits you with a +0 halberd!
Things that are here:
a +0 flail; a throwing net You are too injured to fight recklessly!
You are too injured to fight recklessly!
You are too injured to fight recklessly!
You are too injured to fight recklessly!
You are too injured to fight recklessly!
You are too injured to fight recklessly!
You are too injured to fight recklessly!
You are too injured to fight recklessly!
You are too injured to fight recklessly!
You are too injured to fight recklessly!
You are too injured to fight recklessly!
You are too injured to fight recklessly!
Unknown command.
You closely miss the gnoll. x2; You hit the gnoll.
The gnoll hits you with a +0 whip. The gnoll hits you but does no damage.
The gnoll barely misses you.
You hit the gnoll but do no damage. You hit the gnoll. x2
The gnoll hits you with a +0 whip. The gnoll barely misses you.
You furiously retaliate!
You headbutt the gnoll. You block the gnoll's attack.
The gnoll barely misses you. You furiously retaliate!
You headbutt the gnoll!
You kill the gnoll!
The gnoll hits you with a +0 whip.
* * * LOW HITPOINT WARNING * * *
The gnoll hits you with a +0 flail.
* * * LOW HITPOINT WARNING * * *
You hit the gnoll.
The gnoll is heavily wounded.
You closely miss the gnoll. The gnoll hits you but does no damage.
The gnoll hits you with a +0 flail!
You die...

###~~########
....~.......##.
....≈....§P§§§.
...≈≈....§.8§§§
....~~...§§§§§§
.....≈.......§.
.....~gg)...#.##.# #@#
#.##.# #.# #.##.# .. #.#
#.##.# .. #.# #.##.# ##
...#.##.#####.##.# #..
...............#[####.##
#.....#.................
##...###......##.####.#.
.#..#..#....#####...##.#


You could see 2 gnolls.

Vanquished Creatures
  2 gnolls (D:2)
  3 adders (D:2)
  An adder skeleton (D:2)
  An adder zombie (D:2)
  2 dart slugs (D:1)
  A bat skeleton (D:2)
  An endoplasm (D:1)
  2 giant cockroaches (D:1)
  2 goblins (D:1)
  3 hobgoblins (D:1)
  5 jackals (D:1)
  A quokka (D:2)
  4 ball pythons
  A ball python zombie (D:2)
  3 bats
  A giant cockroach zombie (D:2)
  4 kobolds
  4 rats
41 creatures vanquished.

Vanquished Creatures (others)
  A withered plant (D:2)
1 creature vanquished.

Grand Total: 42 creatures vanquished

Notes
Turn   | Place    | Note
-------+----------+-------------------------------------------
     0 | D:1      | Sanktem7 the Minotaur Fighter began the quest for the Orb.
     0 | D:1      | Reached XP level 1. HP: 19/19 MP: 0/0
    43 | D:1      | Reached XP level 2. HP: 25/27 MP: 1/1
   391 | D:1      | Found a faded altar of an unknown god.
   429 | D:1      | Reached XP level 3. HP: 33/33 MP: 2/2
   856 | D:2      | Reached XP level 4. HP: 29/40 MP: 3/3
   939 | D:2      | Slain by a gnoll

Illustrated notes

Levels and vault maps discovered:
D:1:      minmay_arrival_four_loops, layout_basic,
          shapermc_ecumenical_altar_mp_highgroup, st_stairs_7
D:2:      layout_basic, serial_undead, serial_undead_f, serial_undead_b,
          serial_undead_e, serial_undead_e, minmay_strange_pillars,
          fountainhead, chequers_serial_rivers_small_a, uniq_jessica

Skill      XL: |  1  2  3  4 |
---------------+-------------+-----
Axes           | 3 4 |  4.0
Armour         | 4 |  4.3
Fighting       | 4 |  4.3
Shields        | 4 |  4.2

Action                     |  1- 3 |  4- 6 || total
---------------------------+-------+-------++-------
  Melee: War axe           |    82 |     6 ||    88
         Headbutt          |    10 |       ||    10
 Armour: Scale mail        |    31 |       ||    31
         Chain mail        |    27 |     4 ||    31
  Dodge: Dodged            |    43 |     6 ||    49
  Block: Buckler           |    18 |     3 ||    21

Table legend: (Time is in decaauts)
 A = Elapsed time spent in this place.
 B = Non-inter-level travel time spent in this place.
 C = Inter-level travel time spent in this place.
 D = Time resting spent in this place.
 E = Time spent auto-exploring this place.
 F = Levels seen in this place.
 G = Mean time per level.
                   A        B        C        D        E       F      G
               +--------+--------+--------+--------+--------+-----+--------+
         Total |    970 |    970 |      0 |      0 |    731 |   2 |  485.0 |
       Dungeon |    970 |    970 |      0 |      0 |    731 |   2 |  485.0 |
               +--------+--------+--------+--------+--------+-----+--------+

Top non-repeatable levels by time:
     D:1: 623 daAuts
     D:2: 346 daAuts
